[Event "ICC tourney 1954 (60 10)"]
[Site "Internet Chess Club"]
[Date "2020.08.08"]
[Round "5"]
[White "Siritnt"]
[Black "Justin2009"]
[Result "0-1"]
[ICCResult "White checkmated"]
[WhiteElo "926"]
[BlackElo "1268"]
[Opening "Scandinavian defense"]
[ECO "B01"]
[NIC "SD.03"]
[Time "15:17:27"]
[TimeControl "3600+10"]

1. e4 d5 2. exd5 Nf6 3. Nc3 Nxd5 4. Nxd5 Qxd5 5. Qf3 e6 6. Qxd5 exd5 7. Nf3
Nc6 8. c3 Bd6 9. d4 a6 10. Be2 O-O 11. O-O h6 12. Bd2 Bg4 13. Rfe1 Rfe8 14.
h3 Bh5 15. Kh1 Re7 16. Ng1 Bxe2 17. Nxe2 Rae8 18. Ng3 Bxg3 19. fxg3 Rxe1+
20. Rxe1 Rxe1+ 21. Bxe1 b5 22. g4 Na5 23. Bg3 c6 24. b3 Nb7 25. Kg1 a5 26.
Kf1 f6 27. Ke2 b4 28. cxb4 axb4 29. Be1 Kf7 30. Bxb4 Kg6 31. a4 f5 32. gxf5+
Kxf5 33. a5 Nxa5 34. Bxa5 g5 35. Bd8 Ke4 36. Bf6 Kf5 37. Bg7 h5 38. Kf3 g4+
39. hxg4+ hxg4+ 40. Kg3 Kg6 41. Kxg4 Kxg7 42. Kg5 Kf7 43. Kh6 c5 44. dxc5 d4
45. g4 d3 46. g5 d2 47. g6+ Kf6 48. g7 d1=Q 49. g8=Q Qh1# {White checkmated}
0-1

[Event "ICC tourney 1954 (60 10)"]
[Site "Internet Chess Club"]
[Date "2020.08.08"]
[Round "5"]
[White "Harper0717"]
[Black "diamondearring"]
[Result "1-0"]
[ICCResult "Black checkmated"]
[WhiteElo "1283"]
[BlackElo "884"]
[Opening "French: advance variation"]
[ECO "C02"]
[NIC "FR.03"]
[Time "15:17:27"]
[TimeControl "3600+10"]

1. e4 e6 2. d4 d5 3. e5 c5 4. c3 cxd4 5. cxd4 Nc6 6. Nf3 Qb6 7. Nc3 Nge7 8.
Bb5 Nf5 9. Bxc6+ bxc6 10. O-O c5 11. Ne2 Ba6 12. Re1 Bxe2 13. Rxe2 Nxd4 14.
Nxd4 cxd4 15. Qa4+ Kd8 16. Bd2 Be7 17. Ba5 Qxa5 18. Qxa5+ Kd7 19. Qb5+ Kd8
20. Rc2 Rc8 21. Rxc8+ Kxc8 22. Rc1+ Kd8 23. Qb8+ Kd7 24. Qc7+ Ke8 25. Qc6+
Kf8 26. Qa8+ Bd8 27. Qxd8# {Black checkmated} 1-0

[Event "ICC tourney 1954 (60 10)"]
[Site "Internet Chess Club"]
[Date "2020.08.08"]
[Round "5"]
[White "Metaworldchess"]
[Black "GIML"]
[Result "1-0"]
[ICCResult "Black resigns"]
[WhiteElo "1341"]
[BlackElo "1083"]
[Opening "Sicilian: accelerated fianchetto, modern variation"]
[ECO "B34"]
[NIC "SI.31"]
[Time "15:16:55"]
[TimeControl "3600+10"]

1. e4 c5 2. Nf3 Nc6 3. Nc3 g6 4. d4 cxd4 5. Nxd4 Bg7 6. Be3 Nf6 7. Be2 O-O
8. Qd2 d5 9. exd5 Nxd5 10. Nxd5 Qxd5 11. Bf3 Qd6 12. O-O-O Rd8 13. Nxc6 bxc6
14. Qxd6 exd6 15. Bxc6 Rb8 16. b3 Bf5 17. c4 a5 18. Ba7 Rbc8 19. Bb7 Re8 20.
Bxc8 Bxc8 21. Rxd6 Re2 22. Rd8+ Bf8 23. Rxc8 Rxf2 24. Bxf2 {Black resigns}
1-0

[Event "ICC tourney 1954 (60 10)"]
[Site "Internet Chess Club"]
[Date "2020.08.08"]
[Round "5"]
[White "Alberttheshow"]
[Black "sahithyansaran"]
[Result "0-1"]
[ICCResult "White resigns"]
[WhiteElo "504"]
[BlackElo "552"]
[Opening "King's pawn game"]
[ECO "C50"]
[NIC "IG.03"]
[Time "15:17:27"]
[TimeControl "3600+10"]

1. e4 e5 2. Nf3 Nc6 3. Bc4 d6 4. c3 Nf6 5. d4 Bg4 6. h3 Bxf3 7. Qxf3 exd4 8.
cxd4 Nxd4 9. Qd1 c5 10. Bg5 Be7 11. O-O Nxe4 12. Bxe7 Qxe7 13. Re1 Qh4 14.
Qg4 Qxf2+ 15. Kh2 Qxe1 16. Qxg7 Rf8 17. a4 Nc2 18. Bxf7+ Rxf7 19. Qg8+ Rf8
20. Qa2 Qg3+ 21. Kg1 Rf1+ {White resigns} 0-1

[Event "ICC tourney 1954 (60 10)"]
[Site "Internet Chess Club"]
[Date "2020.08.08"]
[Round "5"]
[White "DimSum17"]
[Black "Rockstaryoyo901"]
[Result "0-1"]
[ICCResult "White checkmated"]
[WhiteElo "930"]
[BlackElo "830"]
[Opening "English: symmetrical, Botvinnik system"]
[ECO "A36"]
[NIC "EO.30"]
[Time "15:16:53"]
[TimeControl "3600+10"]

1. c4 c5 2. Nc3 Nc6 3. g3 g6 4. Bg2 Bg7 5. e4 e5 6. d3 d6 7. Nge2 Nge7 8.
O-O O-O 9. Be3 Be6 10. Qd2 Qd7 11. Nd5 Nd4 12. Nxe7+ Qxe7 13. Nxd4 cxd4 14.
Bh6 Qd7 15. Bxg7 Kxg7 16. f4 f5 17. h3 fxe4 18. dxe4 Bxh3 19. Rac1 Bxg2 20.
Kxg2 exf4 21. Rxf4 Rxf4 22. gxf4 Qg4+ 23. Kf1 Qf3+ 24. Ke1 Qxe4+ 25. Kd1 d3
26. Rc3 Qh1+ 27. Qe1 Qf3+ 28. Kc1 Qxf4+ 29. Kb1 Qf5 30. Qe7+ Kh6 31. Qh4+
Qh5 32. Qf4+ Qg5 33. Qxd6 Re8 34. Qh2+ Qh5 35. Qf4+ Qg5 36. Qh2+ Kg7 37.
Rxd3 Re1+ 38. Kc2 Rc1+ 39. Kb3 h5 40. Qc7+ Kh6 41. Qxb7 Qc5 42. Rc3 Qb6+ 43.
Qxb6 Rxc3+ 44. Kxc3 axb6 45. b4 h4 46. c5 bxc5 47. bxc5 h3 48. c6 h2 49. c7
h1=Q 50. c8=Q Qc1+ 51. Kb3 Qxc8 52. a4 Qa6 53. Kb4 g5 54. a5 g4 55. Kc5 g3
56. Kd4 g2 57. Ke3 g1=Q+ 58. Kf3 Qxa5 59. Kf4 Qae1 60. Kf3 Qgf2+ 61. Kg4
Qeg1+ 62. Kh3 Qfh2# {White checkmated} 0-1

[Event "ICC tourney 1954 (60 10)"]
[Site "Internet Chess Club"]
[Date "2020.08.08"]
[Round "5"]
[White "BearDBS"]
[Black "wrongpilot"]
[Result "1-0"]
[ICCResult "Black checkmated"]
[WhiteElo "1273"]
[BlackElo "816"]
[Opening "Queen's pawn, Mason variation"]
[ECO "D00"]
[NIC "QP.08"]
[Time "15:17:05"]
[TimeControl "3600+10"]

1. d4 d5 2. Bf4 Nf6 3. e3 Bf5 4. Nd2 Nc6 5. c3 e6 6. Ngf3 Be7 7. h3 Ne4 8.
Nxe4 dxe4 9. Ne5 Nxe5 10. dxe5 Qxd1+ 11. Rxd1 O-O 12. Be2 h6 13. O-O Rfe8
14. Rd7 Rac8 15. Rfd1 Red8 16. Rxe7 Rxd1+ 17. Bxd1 Kf8 18. Rd7 Ke8 19. Ba4
Kf8 20. g4 Bg6 21. Kg2 h5 22. Bg5 hxg4 23. hxg4 Bh7 24. Rd8+ Rxd8 25. Bxd8
c6 26. Bc7 Ke8 27. Bb8 a6 28. Ba7 Kd8 29. Bb6+ Kc8 30. b4 Kb8 31. c4 g5 32.
b5 cxb5 33. cxb5 axb5 34. Bxb5 Kc8 35. a4 Kb8 36. a5 Ka8 37. Be8 Bg6 38. Kg3
Kb8 39. Bd8 Ka7 40. Bxg5 Ka6 41. Bd8 Ka7 42. Kf4 Kb8 43. Kg5 Kc8 44. Bb6 Bh7
45. Kf6 Kb8 46. Bxf7 Kc8 47. Bxe6+ Kb8 48. Kg7 Bg8 49. Kxg8 Ka8 50. Bf5 Kb8
51. e6 Kc8 52. e7+ Kb8 53. e8=Q# {Black checkmated} 1-0

[Event "ICC tourney 1954 (60 10)"]
[Site "Internet Chess Club"]
[Date "2020.08.08"]
[Round "5"]
[White "Remington"]
[Black "akhanna"]
[Result "1-0"]
[ICCResult "Black resigns"]
[WhiteElo "735"]
[BlackElo "372"]
[Opening "King's Indian: London system"]
[ECO "A45"]
[NIC "QP.03"]
[Time "15:16:34"]
[TimeControl "3600+10"]

1. d4 Nf6 2. Bf4 g6 3. Nf3 Bg7 4. e3 O-O 5. c4 d6 6. Bd3 b6 7. Nc3 c5 8. d5
Nbd7 9. O-O Ba6 10. Bg5 h6 11. Bh4 Nh7 12. e4 Ne5 13. b3 Ng4 14. h3 Ne5 15.
Nxe5 Bxe5 16. Qc2 Qd7 17. f4 Bd4+ 18. Kh1 b5 19. Rad1 b4 20. Ne2 g5 21. Bg3
Be3 22. Rde1 gxf4 23. Nxf4 Bxf4 24. Bxf4 Rfb8 25. Bxh6 f6 26. Qe2 e6 27.
Qg4+ Kf7 28. dxe6+ Qxe6 29. Qg7+ Ke8 30. Qxh7 Qf7 31. Qf5 Bc8 32. Qxf6 Qxf6
33. Rxf6 Ke7 34. Rf8 a5 35. e5 Rb6 36. e6 Rab8 37. Bf5 d5 38. cxd5 Kd6 39.
Be4 Ke7 40. Rf7+ Ke8 41. Ref1 R8b7 42. Rc1 Rxf7 43. exf7+ Kxf7 44. Be3 Rb7
45. Rxc5 Re7 46. Rc4 Ba6 47. Rd4 Ke8 48. Bg5 Re5 49. h4 Bb7 50. Bg6+ Kf8 51.
Bh6+ Ke7 52. Bg5+ Kf8 53. d6 Bc6 54. d7 Bxd7 55. Rxd7 Re2 56. Rd2 Rxd2 57.
Bxd2 Kg7 58. h5 Kf6 59. Kh2 {Black resigns} 1-0

[Event "ICC tourney 1954 (60 10)"]
[Site "Internet Chess Club"]
[Date "2020.08.08"]
[Round "5"]
[White "jxfan1"]
[Black "Cgchess"]
[Result "1-0"]
[ICCResult "Black resigns"]
[WhiteElo "1276"]
[BlackElo "1345"]
[Opening "French: exchange variation"]
[ECO "C01"]
[NIC "FR.01"]
[Time "15:17:27"]
[TimeControl "3600+10"]

1. e4 e6 2. d4 d5 3. exd5 exd5 4. Nf3 Nf6 5. Bd3 Bd6 6. O-O O-O 7. Bg5 h6 8.
Bh4 Bg4 9. h3 Bh5 10. g4 Bg6 11. Nc3 Bxd3 12. Qxd3 g5 13. Bg3 Bxg3 14. fxg3
Nc6 15. Ne5 Qd6 16. Nxc6 Qxc6 17. Qf5 Qd6 18. Kg2 Rfe8 19. Qxf6 Rad8 20.
Qxd6 Rxd6 21. Rae1 Rxe1 22. Rxe1 Rd7 23. Re5 c6 24. Kf3 f6 25. Rf5 Kf7 26.
h4 Re7 27. hxg5 hxg5 28. Ne2 Kg6 29. c4 dxc4 30. Rc5 Rc7 31. Rxc4 Rd7 32.
Nc3 Rd6 33. d5 cxd5 34. Rd4 Kf7 35. Rxd5 Rb6 36. Rd2 Kg6 37. Ne4 Ra6 38. a3
Rb6 39. b4 Ra6 40. Rd3 Rb6 41. Rd6 Rb5 42. Rxf6+ {Black resigns} 1-0

[Event "ICC tourney 1954 (60 10)"]
[Site "Internet Chess Club"]
[Date "2020.08.08"]
[Round "5"]
[White "NikkiBat"]
[Black "tasawyer81"]
[Result "1-0"]
[ICCResult "Black resigns"]
[WhiteElo "1304"]
[BlackElo "936"]
[Opening "Queen's pawn"]
[ECO "A40"]
[NIC "QO.17"]
[Time "15:17:42"]
[TimeControl "3600+10"]

1. d4 c6 2. Nf3 d5 3. Bf4 Bf5 4. Nbd2 e6 5. c3 Nf6 6. e3 Nbd7 7. h3 Be7 8.
Ne5 Nxe5 9. dxe5 Ne4 10. Nf3 O-O 11. Bd3 Qb6 12. Rb1 Rad8 13. O-O h6 14. g4
Bg6 15. Kh2 c5 16. Rg1 c4 17. Bf1 Nxf2 18. Qe2 Bxb1 19. Qxf2 Be4 20. g5 h5
21. Nd4 g6 22. Bg2 Bc5 23. Nf3 a5 24. Nd4 a4 25. Bxe4 dxe4 26. a3 Kg7 27.
Bg3 Rh8 28. Qf6+ Kf8 29. Rf1 Qxb2+ 30. Rf2 Qxf2+ 31. Bxf2 Rd7 32. Qxh8+ Ke7
33. Qf6+ Ke8 34. Nb5 Rd2 35. Kg3 Be7 {Black resigns} 1-0

[Event "ICC tourney 1954 (60 10)"]
[Site "Internet Chess Club"]
[Date "2020.08.08"]
[Round "5"]
[White "nbhate"]
[Black "royayush"]
[Result "0-1"]
[ICCResult "White resigns"]
[WhiteElo "1175"]
[BlackElo "1339"]
[Opening "English: symmetrical variation"]
[ECO "A36"]
[NIC "EO.64"]
[Time "15:16:43"]
[TimeControl "3600+10"]

1. c4 c5 2. Nc3 Nc6 3. g3 d6 4. Bg2 Nf6 5. e3 e6 6. d4 cxd4 7. exd4 d5 8. c5
Be7 9. Nge2 O-O 10. O-O b6 11. b4 bxc5 12. bxc5 Rb8 13. a3 Bb7 14. Rb1 Qc7
15. Bf4 e5 16. dxe5 Nh5 17. Be3 Nxe5 18. Nxd5 Bxd5 19. Qxd5 Rbd8 20. Qa2 Nd3
21. Rb3 Nxc5 22. Rc3 Qa5 23. Nd4 Qxc3 24. Rc1 Qa5 25. Bd2 Qa6 26. Bf1 Qd6
27. Nf3 Qd5 28. Qxd5 Rxd5 29. Bb4 h6 30. Bg2 Nd3 31. Rb1 Nxb4 32. axb4 Rb5
33. Nd4 Rxb4 34. Rxb4 Bxb4 35. Nf5 a5 36. Ne3 a4 37. Nc2 Bc5 38. Bd5 a3 39.
Bb3 Rb8 40. Bc4 Rb2 41. Ne3 Bxe3 42. fxe3 a2 {White resigns} 0-1

[Event "ICC tourney 1954 (60 10)"]
[Site "Internet Chess Club"]
[Date "2020.08.08"]
[Round "5"]
[White "Andrew588"]
[Black "Yadhunandan"]
[Result "0-1"]
[ICCResult "White resigns"]
[WhiteElo "1179"]
[BlackElo "901"]
[Opening "Konstantinopolsky opening"]
[ECO "C44"]
[NIC "KP.10"]
[Time "15:17:27"]
[TimeControl "3600+10"]

1. e4 e5 2. Nf3 Nc6 3. g3 d6 4. Bg2 Nf6 5. Nc3 b6 6. d3 Bb7 7. Bg5 Be7 8.
O-O h6 9. Be3 Qd7 10. Qd2 O-O-O 11. Rfe1 d5 12. exd5 Nxd5 13. h4 Nxc3 14.
bxc3 Qe8 15. Qe2 Ba6 16. Nd2 Kb8 17. Qf3 Bb7 18. Nb3 Na5 19. Qe2 Bxg2 20.
Nxa5 bxa5 21. Kxg2 Qc6+ 22. f3 Qxc3 23. Rab1+ Kc8 24. Bxa7 Bc5 25. Rb8+ Kd7
26. Rxd8+ Rxd8 27. Bxc5 Qxc5 28. Qxe5 Qxe5 29. Rxe5 Kc6 30. Rxa5 Re8 31. Kf2
f6 32. Rf5 Ra8 33. Rf4 Rxa2 34. Rc4+ Kd6 35. Ke3 c5 36. Kf4 Kd5 37. Kf5 Ra7
38. g4 Re7 39. f4 Re8 40. Kg6 Re7 41. g5 hxg5 42. hxg5 fxg5 43. Kxg5 Re6 44.
f5 Rf6 45. c3 Rf7 46. Kg6 Rf6+ 47. Kxg7 Rxf5 48. Ra4 Rf3 49. c4+ Kd4 50. Kg6
Rxd3 51. Kf5 Rc3 52. Kf4 Rxc4 53. Rxc4+ Kxc4 54. Ke3 Kc3 55. Ke2 c4 56. Kd1
Kb2 57. Kd2 c3+ 58. Kd1 c2+ 59. Kd2 c1=Q+ 60. Kd3 Qc2+ {White resigns} 0-1

[Event "ICC tourney 1954 (60 10)"]
[Site "Internet Chess Club"]
[Date "2020.08.08"]
[Round "5"]
[White "jerryjhzhang"]
[Black "sstao17"]
[Result "1-0"]
[ICCResult "Black resigns"]
[WhiteElo "832"]
[BlackElo "613"]
[Opening "Ruy Lopez: Marshall counter-attack"]
[ECO "C89"]
[NIC "RL.17"]
[Time "15:17:10"]
[TimeControl "3600+10"]

1. e4 e5 2. Nf3 Nc6 3. Bb5 a6 4. Ba4 Nf6 5. O-O Be7 6. Re1 b5 7. Bb3 O-O 8.
c3 d5 9. exd5 Nxd5 10. h3 Rb8 11. d4 exd4 12. cxd4 Ra8 13. Nbd2 Nb8 14. Nf1
c6 15. Bc2 Bb7 16. g3 Nd7 17. h4 N7b6 18. Bg5 Bxg5 19. Nxg5 g6 20. f4 Re8
21. Rxe8+ Qxe8 22. f5 Nc4 23. Rb1 Bc8 24. fxg6 hxg6 25. h5 Nde3 26. Nxe3
Qxe3+ 27. Kh2 Qxg5 28. hxg6 fxg6 29. Qe2 Bg4 30. Qe4 Qd2+ 31. Kg1 Bf5 32.
Qxc6 Qa5 33. Qxa8+ Kg7 34. Bxf5 gxf5 35. Rf1 Ne3 36. Qb7+ Kg6 37. Qc6+ Kg5
38. Qc1 Kg4 39. Qxe3 Kh3 40. Qh6+ {Black resigns} 1-0

[Event "ICC tourney 1954 (60 10)"]
[Site "Internet Chess Club"]
[Date "2020.08.08"]
[Round "5"]
[White "NNatha"]
[Black "Snowzera"]
[Result "1-0"]
[ICCResult "Black checkmated"]
[WhiteElo "1393"]
[BlackElo "1071"]
[Opening "Sicilian: Canal-Sokolsky attack, 3...Bd7"]
[ECO "B52"]
[NIC "SI.01"]
[Time "15:16:52"]
[TimeControl "3600+10"]

1. e4 c5 2. Nf3 d6 3. Bb5+ Bd7 4. Bxd7+ Qxd7 5. O-O Nf6 6. Re1 g6 7. c3 Bg7
8. d4 cxd4 9. cxd4 e5 10. dxe5 dxe5 11. Nc3 Qxd1 12. Rxd1 Nc6 13. Bg5 O-O
14. Rac1 Ng4 15. h3 Nh6 16. Nd5 f5 17. Nd2 fxe4 18. Nxe4 Nf5 19. Nc7 Rac8
20. Ne6 Rf7 21. g4 Nfd4 22. Nxd4 exd4 23. Nd6 Rcf8 24. Nxf7 Rxf7 25. Re1 h6
26. Bh4 g5 27. Bg3 d3 28. Rcd1 Nb4 29. Re8+ Kh7 30. Be5 Rd7 31. Bxg7 Kxg7
32. Re3 d2 33. a3 Nc2 34. Re2 Ne1 35. Kh2 Rd3 36. Re3 Rd4 37. Kg3 Nc2 38.
Re2 Rd3+ 39. f3 Nd4 40. Rexd2 Rxf3+ 41. Kg2 Rb3 42. Rxd4 Rxb2+ 43. R1d2 Rb3
44. Rd7+ Kf6 45. R2d3 Rb2+ 46. Kf3 b5 47. Ke4 Re2+ 48. Kf3 Rb2 49. Rd2 Rb3+
50. Ke4 Rxa3 51. R2d6# {Black checkmated} 1-0

[Event "ICC tourney 1954 (60 10)"]
[Site "Internet Chess Club"]
[Date "2020.08.08"]
[Round "5"]
[White "Anishkor"]
[Black "HKChessTour"]
[Result "1/2-1/2"]
[ICCResult "Game drawn because neither player has mating material"]
[WhiteElo "1320"]
[BlackElo "1109"]
[Opening "Giuoco Piano"]
[ECO "C54"]
[NIC "IG.02"]
[Time "15:17:00"]
[TimeControl "3600+10"]

1. e4 e5 2. Nf3 Nc6 3. Bc4 Bc5 4. c3 Nf6 5. d4 exd4 6. cxd4 Bb4+ 7. Bd2
Bxd2+ 8. Nbxd2 d5 9. exd5 Nxd5 10. O-O O-O 11. h3 Nb6 12. Be2 Nxd4 13. Nxd4
Qxd4 14. Nf3 Qxd1 15. Rfxd1 Be6 16. Rac1 c6 17. Nd4 Bxa2 18. b3 c5 19. Ra1
cxd4 20. Rxa2 a6 21. Rxd4 Rfd8 22. Rad2 Rxd4 23. Rxd4 g6 24. Bf3 Rb8 25. Rb4
Nd7 26. Rxb7 Rxb7 27. Bxb7 a5 28. Bd5 Nb6 29. Bc6 Kf8 30. Kh2 Ke7 31. Kg3
Kd6 32. Be8 Ke7 33. Bb5 Kf6 34. Kf4 Nd5+ 35. Kf3 Ke5 36. Ba4 Kd4 37. Be8 f5
38. g4 Nf6 39. Bf7 fxg4+ 40. hxg4 Ke5 41. g5 Ne4 42. Bg8 Nxg5+ 43. Kg4 h6
44. f4+ Kf6 45. fxg5+ hxg5 46. Bc4 Ke5 47. Kxg5 Kd4 48. Kf4 Kc3 49. Ke3 Kb4
50. Bf7 g5 51. Kd3 g4 52. Kc2 g3 53. Bd5 Kc5 54. Bf3 Kb4 55. Bc6 Kc5 56. Ba8
Kb4 57. Bc6 Kc5 58. Bh1 Kb4 59. Bc6 Kc5 60. Be4 Kb4 61. Bc6 Kc5 62. Be4 Kb4
63. Bc6 Kc5 64. Bh1 Kb4 65. Ba8 a4 66. bxa4 Kxa4 67. Kd2 Kb4 68. Ke2 g2 69.
Bxg2 {Game drawn because neither player has mating material} 1/2-1/2

[Event "ICC tourney 1954 (60 10)"]
[Site "Internet Chess Club"]
[Date "2020.08.08"]
[Round "5"]
[White "DanielYang99"]
[Black "neelansh2489"]
[Result "1/2-1/2"]
[ICCResult "Game drawn by mutual agreement"]
[WhiteElo "622"]
[BlackElo "1082"]
[Opening "Giuoco Piano: four knights variation"]
[ECO "C55"]
[NIC "IG.01"]
[Time "15:17:16"]
[TimeControl "3600+10"]

1. e4 e5 2. Nf3 Nc6 3. Bc4 Nf6 4. Nc3 Bc5 5. O-O O-O 6. d3 d6 7. h3 Be6 8.
Bg5 h6 9. Bh4 Re8 10. Bxe6 fxe6 11. Na4 Bb6 12. Nxb6 axb6 13. Re1 d5 14. d4
g5 15. Bg3 Nxe4 16. Nxe5 Nxg3 17. fxg3 Nxe5 18. Rxe5 Qf6 19. Qf3 Rf8 20.
Qxf6 Rxf6 21. a3 c5 22. Rae1 Kf7 23. dxc5 bxc5 24. h4 g4 25. h5 Ra4 26. R1e3
Rd4 27. Rd3 Rxd3 28. cxd3 Rf5 29. Rxf5+ exf5 30. Kf2 Ke6 31. Ke3 Ke5 32. b3
{Game drawn by mutual agreement}
1/2-1/2

[Event "ICC tourney 1954 (60 10)"]
[Site "Internet Chess Club"]
[Date "2020.08.08"]
[Round "5"]
[White "sujay2010"]
[Black "chessrdu20"]
[Result "1-0"]
[ICCResult "Black checkmated"]
[WhiteElo "1393"]
[BlackElo "1008"]
[Opening "Queen's pawn, Mason variation"]
[ECO "D00"]
[NIC "QP.08"]
[Time "15:16:45"]
[TimeControl "3600+10"]

1. d4 d5 2. Bf4 Nf6 3. e3 Nc6 4. a3 Bf5 5. Bd3 Bg6 6. Nd2 e6 7. h3 Bd6 8.
Bxd6 cxd6 9. Ngf3 e5 10. Bxg6 hxg6 11. dxe5 dxe5 12. Qe2 Qe7 13. Nb3 O-O-O
14. c4 d4 15. exd4 exd4 16. Qxe7 Nxe7 17. Nbxd4 a6 18. O-O Kc7 19. Rfe1 Nc6
20. Nxc6 Kxc6 21. Rad1 Kc5 22. b3 Nd7 23. Rd5+ Kb6 24. Red1 Kc7 25. Ng5 Ne5
26. Rxd8 Rxd8 27. Rxd8 Kxd8 28. Nf3 Nd7 29. Kf1 Ke7 30. Ke2 Ke6 31. Ke3 Nc5
32. b4 Nd7 33. Nd4+ Ke5 34. f4+ Kf6 35. h4 Nb6 36. Kd3 Nd7 37. g4 Nf8 38.
Nb3 Ne6 39. Ke4 Nd8 40. Nc5 Ke7 41. Kd5 f6 42. g5 f5 43. a4 Kf7 44. b5 axb5
45. axb5 Ke7 46. b6 Ke8 47. Kd6 Nf7+ 48. Kc7 Ke7 49. Kxb7 Nd6+ 50. Kc7 Ne8+
51. Kb7 Kd8 52. Ka7 Nd6 53. Nb7+ Nxb7 54. Kxb7 Kd7 55. Ka8 Kc6 56. b7 Kc5
57. b8=Q Kxc4 58. Qe5 Kd3 59. Qd5+ Ke3 60. Qc4 Kf3 61. Qd4 Kg4 62. Qe3 Kh5
63. Qg1 Kxh4 64. Qg2 Kh5 65. Qh3# {Black checkmated} 1-0

[Event "ICC tourney 1954 (60 10)"]
[Site "Internet Chess Club"]
[Date "2020.08.08"]
[Round "5"]
[White "ltristam"]
[Black "pranavg03"]
[Result "0-1"]
[ICCResult "White resigns"]
[WhiteElo "1239"]
[BlackElo "1161"]
[Opening "Sicilian"]
[ECO "B54"]
[NIC "SI.01"]
[Time "15:16:48"]
[TimeControl "3600+10"]

1. e4 c5 2. Nf3 d6 3. d4 cxd4 4. Nxd4 e5 5. Nf3 Nf6 6. Nc3 Be7 7. Bc4 O-O 8.
O-O h6 9. h3 Be6 10. Nd5 Nxe4 11. Nxe7+ Qxe7 12. Bxe6 fxe6 13. Re1 Nf6 14.
Nh4 Qc7 15. f4 e4 16. c3 Nc6 17. Qb3 d5 18. Be3 Na5 19. Qc2 Nc4 20. g3 Nxe3
21. Rxe3 d4 22. Ree1 d3 23. Qd2 Qc5+ 24. Kh2 Qh5 25. Qd1 Qxd1 26. Raxd1 Kh7
27. g4 g5 28. fxg5 hxg5 29. Ng2 Rac8 30. Ne3 Nd5 31. Ng2 Rc4 32. b3 Rxc3 33.
Rxe4 Rf2 34. Kg3 Rxa2 35. Rxe6 Rxg2+ {White resigns} 0-1

[Event "ICC tourney 1954 (60 10)"]
[Site "Internet Chess Club"]
[Date "2020.08.08"]
[Round "5"]
[White "CobaltGame"]
[Black "Aadarsh99"]
[Result "1-0"]
[ICCResult "Black checkmated"]
[WhiteElo "1335"]
[BlackElo "1051"]
[Opening "Queen's gambit declined"]
[ECO "D30"]
[NIC "QP.08"]
[Time "15:16:46"]
[TimeControl "3600+10"]

1. d4 d5 2. c4 e6 3. Nf3 Nf6 4. Bf4 c5 5. e3 Nc6 6. Nc3 Bd6 7. Bg3 Bxg3 8.
fxg3 cxd4 9. exd4 Ne4 10. Bd3 Nf6 11. O-O Qb6 12. cxd5 Nxd4 13. Kh1 Nxf3 14.
Qxf3 Qxb2 15. dxe6 Bxe6 16. Bb5+ Ke7 17. Qxb7+ Kd6 18. Rad1+ Bd5 19. Rxd5+
Nxd5 20. Qd7+ Kc5 21. Qxd5+ Kb4 22. Rf4+ Ka5 23. Ra4+ Kb6 24. Qc6#
{Black checkmated}
1-0

[Event "ICC tourney 1954 (60 10)"]
[Site "Internet Chess Club"]
[Date "2020.08.08"]
[Round "5"]
[White "Anichess2009"]
[Black "aarush-narsina"]
[Result "1-0"]
[ICCResult "Black checkmated"]
[WhiteElo "476"]
[BlackElo "748"]
[Opening "Sicilian: Alapin's variation (2.c3)"]
[ECO "B22"]
[NIC "SI.46"]
[Time "15:17:05"]
[TimeControl "3600+10"]

1. e4 c5 2. c3 d6 3. Bc4 Nf6 4. d3 e6 5. Bg5 Be7 6. Nd2 O-O 7. Ngf3 Nc6 8.
O-O Bd7 9. Nb3 Rc8 10. Re1 d5 11. exd5 exd5 12. Bxf6 dxc4 13. Bxe7 Nxe7 14.
dxc4 f6 15. Qd6 Re8 16. Nxc5 Rc7 17. Ne6 Rc6 18. Qxc6 Nxc6 19. Nxd8 Rxd8 20.
Red1 Kf7 21. Rd6 Ke7 22. Rad1 b6 23. R6d3 Na5 24. g4 Nxc4 25. b4 Nb2 26.
Re1+ Kf7 27. Rde3 Nc4 28. Re7+ Kf8 29. g5 Ne5 30. Nxe5 Kxe7 31. Nc6+ Kd6 32.
Nxd8 Kc7 33. Ne6+ Bxe6 34. Rxe6 Kd7 35. Re1 fxg5 36. Kg2 Kc6 37. Re7 Kb5 38.
Rxa7 Kc6 39. Rxg7 Kd5 40. Rxg5+ Kc4 41. Rg7 Kxc3 42. Rxh7 Kxb4 43. Rh5 b5
44. f4 Ka4 45. f5 b4 46. Rh4 Ka3 47. f6 Kxa2 48. Rxb4 Ka3 49. Rb7 Ka4 50. f7
Ka5 51. f8=Q Ka6 52. Qa8# {Black checkmated} 1-0

[Event "ICC tourney 1954 (60 10)"]
[Site "Internet Chess Club"]
[Date "2020.08.08"]
[Round "5"]
[White "FishBoy"]
[Black "yayadream"]
[Result "1-0"]
[ICCResult "Black checkmated"]
[WhiteElo "1214"]
[BlackElo "1336"]
[Opening "Queen's bishop game"]
[ECO "D02"]
[NIC "QP.08"]
[Time "15:16:38"]
[TimeControl "3600+10"]

1. d4 d5 2. Nf3 Nf6 3. Bf4 Bg4 4. e3 e6 5. Nbd2 Be7 6. Bd3 Nc6 7. c3 Nh5 8.
Bg3 Nxg3 9. hxg3 e5 10. Be2 exd4 11. Nxd4 Bxe2 12. Qxe2 Nxd4 13. exd4 O-O
14. O-O-O Bg5 15. Qh5 Bh6 16. Kb1 Qg5 17. Qxg5 Bxg5 18. Nf3 Bf6 19. Rh5 c6
20. Rdh1 h6 21. g4 Rae8 22. g5 Bxg5 23. Nxg5 f6 24. Nf3 Re2 25. Rf1 Kh7 26.
Rh3 Rfe8 27. Rhh1 a5 28. Re1 b5 29. Rxe2 Rxe2 30. Rf1 b4 31. cxb4 axb4 32.
Kc1 g5 33. Nd2 f5 34. Kd1 Re8 35. Re1 Ra8 36. a3 bxa3 37. bxa3 Rxa3 38. Re7+
Kg6 39. Re6+ Kh5 40. Rxc6 Rd3 41. Rf6 f4 42. Ke2 Rxd4 43. f3 Ra4 44. Rd6 d4
45. Nb3 Ra2+ 46. Kf1 Rb2 47. Nxd4 Rd2 48. Nf5 Rxd6 49. Nxd6 Kh4 50. Nf5+ Kh5
51. Kf2 Kg6 52. Ne7+ Kf6 53. Nd5+ Kg6 54. Ne7+ Kf7 55. Nf5 h5 56. g3 fxg3+
57. Nxg3 h4 58. Ne4 Kg6 59. Kg2 Kf5 60. Nf2 Kf4 61. Nd3+ Ke3 62. Ne5 Kf4 63.
Ng4 h3+ 64. Kf2 Kf5 65. Kg3 Ke6 66. Kxh3 Kf5 67. Kg3 Ke6 68. Nh6 Kf6 69. Kg4
Kg6 70. Ng8 Kg7 71. Ne7 Kf7 72. Nc6 Kf6 73. Nd4 Ke5 74. Ne2 Kf6 75. Ng1 Kg6
76. Nh3 Kf6 77. Nxg5 Kg6 78. Kf4 Kf6 79. Ne4+ Kf7 80. Kf5 Ke7 81. f4 Kf7 82.
Ng5+ Kg7 83. Ke6 Kg6 84. f5+ Kg7 85. f6+ Kf8 86. Nh7+ Kg8 87. f7+ Kxh7 88.
f8=Q Kg6 89. Qg8+ Kh5 90. Kf5 Kh4 91. Qg4# {Black checkmated} 1-0

[Event "ICC tourney 1954 (60 10)"]
[Site "Internet Chess Club"]
[Date "2020.08.08"]
[Round "5"]
[White "oxdidi"]
[Black "narayan0811"]
[Result "0-1"]
[ICCResult "White checkmated"]
[WhiteElo "1321"]
[BlackElo "1135"]
[Opening "French: advance, Paulsen attack"]
[ECO "C02"]
[NIC "FR.03"]
[Time "15:16:40"]
[TimeControl "3600+10"]

1. e4 e6 2. d4 d5 3. e5 c5 4. c3 Nc6 5. Nf3 Qb6 6. Be2 Bd7 7. O-O Be7 8.
Nbd2 cxd4 9. cxd4 Nxd4 10. Nxd4 Qxd4 11. Nf3 Qxd1 12. Rxd1 f6 13. Bf4 Rc8
14. h3 fxe5 15. Bxe5 Nf6 16. Rac1 O-O 17. b3 Ba3 18. Rb1 Ne4 19. b4 Ba4 20.
Rf1 Nc3 21. Bd3 Nxb1 22. Rxb1 Rc1+ 23. Rxc1 Bxc1 24. Nd4 Bd7 25. Bd6 Rc8 26.
Bc5 b6 27. Bd6 Bb2 28. Nf3 Rc6 29. Bg3 Rc1+ 30. Kh2 h6 31. Bf4 Ra1 32. Ne5
Bxe5 33. Bxe5 Rxa2 34. Bd4 Rd2 35. Bh7+ Kxh7 36. Be3 Rb2 37. Bd4 Rxb4 38.
Bc3 Rc4 39. Be5 a5 40. Bb2 a4 41. Ba3 Rc3 42. Bb2 Rb3 43. Bd4 a3 44. Bxb6
Rxb6 45. Kg3 a2 46. f4 a1=Q 47. Kg4 e5+ 48. f5 Qf1 49. Kg3 Qf4#
{White checkmated}
0-1